Map: 코랄의 균열

Players

짐발모

  • Race: Terran Terran
  • Spawn Location: 7:00

JamesRaynor

  • Race: Terran Terran
  • Spawn Location: 7:00

VOD

Have the link to the VOD?

Description

Time

  • Played on: Aug. 19, 2017, 1:54 p.m.
  • Length: 14:08
Show
View Real Time Build Order
Export as new Build Order

짐발모 Terran 

Build Orders:  

Get SALT Encoding   

  12  0:03  SCV  
  13  0:20  SCV  
  13  0:27  Refinery  
  14  0:37  SCV  
  15  0:44  Refinery  
  15  0:54  SCV  
  16  1:11  SCV  
  16  1:14  Barracks  
  17  1:28  SCV  
  18  2:00  Command Center  
  18  2:57  Elite Marine  
  22  3:07  Defensive Drone  
  22  3:23  Factory  
  22  3:25  SCV  
  23  3:30  Barracks Tech Lab  
  23  3:41  SCV  
  24  3:56  SCV  
  24  3:58  SCV  
  26  4:13  Refinery, SCV  
  26  4:15  SCV  
  28  4:31  SCV  
  28  4:32  Starport  
  29  4:40  Armory  
  29  4:48  SCV  
  30  4:50  Refinery  
  30  4:56  SCV  
  31  5:05  SCV  
  32  5:19  SCV  
  33  5:35  Raid Artillery  
  33  5:54  SCV x2  
  35  6:12  Raid Liberator  
  35  6:15  Smart Servos  
  41  6:26  SCV  
  41  6:29  SCV  
  43  6:31  Terran Vehicle and Ship Weapons Level 1  
  43  6:43  SCV  
  43  6:45  SCV  
  45  6:50  Raven Type-II  
  45  6:58  Defensive Drone  
  47  7:00  SCV  
  48  7:31  Defensive Drone  
  48  7:48  Covert Triage  
  47  8:17  Defensive Drone  
  47  8:18  Griffin Airstrike  
  47  8:25  Tactical Airlift  
  49  8:33  Enhanced Manufacturing  
  47  8:47  Defensive Drone  
  47  8:50  Griffin Airstrike  
  47  9:08  Covert Banshee  
  53  9:18  Advanced Cloaking Field  
  53  9:48  Rocket Barrage  
  53  9:57  Griffin Airstrike  
  53  10:14  Defensive Drone  
  53  10:22  Railgun Turret  
  53  10:43  Tactical Airlift  
  53  10:57  Defensive Drone  
  53  11:00  Raid Liberator  
  53  11:01  Raven Type-II  
  61  11:17  Griffin Airstrike  
  61  11:30  Instant Regeneration  
  61  12:01  Defensive Drone  
  61  12:07  Defensive Drone  
  61  12:14  Instant Regeneration  
  61  12:19  Defensive Drone  
  61  12:27  Griffin Airstrike  
  58  12:38  Defensive Drone  
  58  12:57  Railgun Turret x2  
  58  12:58  Railgun Turret  
  58  13:02  Griffin Airstrike  
  58  13:16  Defensive Drone  
  55  13:34  Railgun Turret  
  55  13:35  Railgun Turret  
  55  13:41  Griffin Airstrike  
Show
View Real Time Build Order
Export as new Build Order

JamesRaynor Terran 

Build Orders:  

Get SALT Encoding   

Tags
 
Commander
NovaRaynor
Matchup
Co-op
Replay Pack
Co-op Speedrun
Add a new tag
Caveats
  • Supply blocks, unpowered buildings, or Contaminate may cause inaccurate times.
  • Supply counts are checked every 10 seconds.